[Event "Portuguese Chess-ch 2022"]
[Site "Leiria"]
[Date "2022.09.17"]
[Round "7.4"]
[White "Rocha, Sergio"]
[Black "Fernandes, Antonio"]
[Result "1/2-1/2"]
[ECO "A48"]
[WhiteElo "2324"]
[BlackElo "2327"]
[Annotator "ChessBase"]
[PlyCount "281"]
[EventDate "2022.09.11"]
[EventCountry "POR"]
[SourceTitle "playchess.com"]
[Source "ChessBase"]
[SourceQuality "1"]
[TimeControl "5400+30"]

1. Nf3 Nf6 2. d4 g6 3. c4 Bg7 4. Nc3 d6 5. e4 Bg4 6. Be2 O-O 7. Bg5 Nfd7 8. Ng1 Bxe2 9. Ngxe2 a6 10. a4 Nc6 11. O-O Nb4 12. Qd2 c6 13. Nd1 a5 14. Ne3 Nf6 15. Nc3 h6 16. Bh4 e5 17. d5 Nxe4 18. Nxe4 Qxh4 19. Nxd6 Rab8 20. c5 Qd4 21. Qxd4 exd4 22. Nec4 cxd5 23. Nxa5 b6 24. Nab7 bxc5 25. Nxc5 Rb6 26. Nb5 Rc8 27. Rac1 Na2 28. Nd7 Rxc1 29. Nxb6 Rc5 30. Rd1 d3 31. Kf1 Nb4 32. b3 Rc2 33. Nd7 h5 34. f4 h4 35. h3 f6 36. f5 Kf7 37. Nd4 Rc7 38. Nb6 Bh6 39. Kf2 gxf5 40. Kf3 Kg6 41. a5 Ra7 42. Nc8 Rxa5 43. Ne7+ Kf7 44. Nexf5 Bg5 45. g3 Nc2 46. gxh4 Nxd4+ 47. Nxd4 Bxh4 48. Rxd3 Ra2 49. Nf5 Rf2+ 50. Kg4 Bg5 51. Nd4 Rg2+ 52. Kf5 Rf2+ 53. Nf3 Ke7 54. Kg6 Bc1 55. Kf5 Bg5 56. b4 Rb2 57. h4 Bxh4 58. Nxh4 Rxb4 59. Ng6+ Kd6 60. Kxf6 Kc5 61. Ne5 Rf4+ 62. Ke6 d4 63. Rd1 Rh4 64. Rc1+ Kb4 65. Nd3+ Kb3 66. Ke5 Rg4 67. Rc8 Rh4 68. Kf5 Rh3 69. Ke4 Rh4+ 70. Kd5 Rg4 71. Rc7 Rh4 72. Rc6 Rg4 73. Nc5+ Kb2 74. Kc4 Kc2 75. Nd3 Rg8 76. Rc7 Rd8 77. Nb4+ Kd2 78. Rh7 d3 79. Rh2+ Ke3 80. Rh3+ Ke2 81. Nxd3 Rc8+ 82. Kd4 Rd8+ 83. Ke4 Re8+ 84. Ne5 Kd2 85. Rd3+ Kc2 86. Rd7 Kc3 87. Rd5 Rc8 88. Ke3 Re8 89. Rc5+ Kb4 90. Rc4+ Kb3 91. Re4 Kc3 92. Rc4+ Kb3 93. Rc5 Kb4 94. Rd5 Kc3 95. Ke4 Rc8 96. Rd3+ Kb4 97. Nf7 Rc7 98. Nd6 Rh7 99. Nf5 Rc7 100. Ne3 Rh7 101. Nc2+ Kc4 102. Ne3+ Kb4 103. Nd5+ Kb5 104. Rb3+ Kc4 105. Rc3+ Kb5 106. Nf4 Kb4 107. Rc8 Kb5 108. Nd3 Rh4+ 109. Kd5 Rh5+ 110. Ne5 Kb4 111. Rc4+ Kb3 112. Re4 Kc3 113. Kc5 Rh3 114. Rg4 Re3 115. Nd7 Rh3 116. Nf6 Kd3 117. Ra4 Rh8 118. Ra3+ Ke2 119. Ng4 Rh5+ 120. Kd4 Rh4 121. Rg3 Rh8 122. Rg1 Rd8+ 123. Ke4 Kd2 124. Rg3 Re8+ 125. Ne5 Kc2 126. Rg6 Kc3 127. Rd6 Rc8 128. Ke3 Re8 129. Rd5 Rc8 130. Rd7 Re8 131. Rc7+ Kb4 132. Kd4 Rd8+ 133. Nd7 Kb3 134. Rb7+ Kc2 135. Kc4 Kd2 136. Nf6 Rc8+ 137. Kd4 Ke2 138. Ng4 Rd8+ 139. Ke4 Kd2 140. Rc7 Re8+ 141. Ne5 1/2-1/2

[Event "Portuguese Chess-ch 2022"]
[Site "Leiria"]
[Date "2022.09.18"]
[Round "8.1"]
[White "Fidalgo, Andre"]
[Black "Rocha, Sergio"]
[Result "0-1"]
[ECO "B12"]
[WhiteElo "2258"]
[BlackElo "2324"]
[Annotator "ChessBase"]
[PlyCount "94"]
[EventDate "2022.09.11"]
[EventCountry "POR"]
[SourceTitle "playchess.com"]
[Source "ChessBase"]
[SourceQuality "1"]
[TimeControl "5400+30"]

1. e4 c6 2. d4 d5 3. e5 c5 4. Nf3 Bg4 5. dxc5 e6 6. Bb5+ Nc6 7. b4 Qc7 8. Bxc6+ Qxc6 9. O-O Ne7 10. c3 Qc7 11. Na3 a6 12. Re1 Nc6 13. Qa4 Bxf3 14. gxf3 Be7 15. f4 O-O 16. Qd1 f6 17. Qg4 fxe5 18. Qxe6+ Kh8 19. fxe5 Bh4 20. Re2 Rae8 21. Qh3 Rxe5 22. Be3 Rh5 23. Kh1 Qe5 24. Qg4 Bf6 25. Bf4 Qxc3 26. Rc1 Qh3 27. Qxh3 Rxh3 28. Bd6 Rd8 29. Nc2 d4 30. Rd2 Rc3 31. Rcd1 Kg8 32. a4 Rb3 33. f4 Rb2 34. Ne1 Rxb4 35. Nd3 Rb3 36. Ne5 Bxe5 37. fxe5 Kf7 38. Rg2 Rd7 39. Rdg1 Ke6 40. Rd2 Rf7 41. Re1 Ra3 42. Rb1 Rxa4 43. Rdb2 d3 44. Rb3 Rd4 45. Rd1 d2 46. Kg2 Na5 47. Rc3 Nc4 0-1

[Event "Portuguese Chess-ch 2022"]
[Site "Leiria"]
[Date "2022.09.18"]
[Round "8.2"]
[White "Martins, Bruno Andre Leite"]
[Black "Rego, Pedro Filipe"]
[Result "1-0"]
[ECO "B10"]
[WhiteElo "2308"]
[BlackElo "2273"]
[Annotator "ChessBase"]
[PlyCount "139"]
[EventDate "2022.09.11"]
[EventCountry "POR"]
[SourceTitle "playchess.com"]
[Source "ChessBase"]
[SourceQuality "1"]
[TimeControl "5400+30"]

1. e4 c6 2. d3 d5 3. Nd2 e5 4. Ngf3 Bd6 5. d4 exd4 6. exd5 cxd5 7. Nb3 Nc6 8. Be2 Nf6 9. O-O O-O 10. Bg5 h6 11. Bh4 Re8 12. Nfxd4 Bd7 13. c3 Ne5 14. Re1 Ng6 15. Bg3 Nf4 16. Bb5 Bxb5 17. Nxb5 Bb8 18. Qf3 Qd7 19. N5d4 Ng6 20. Nc5 Qc8 21. Rxe8+ Qxe8 22. Nd3 Bxg3 23. hxg3 Qd7 24. Nf5 Kh7 25. Rd1 Rd8 26. Ne3 Qa4 27. a3 Qb3 28. Nf5 Re8 29. Nd4 Qb6 30. Qf5 Kg8 31. Nb4 a6 32. Qb1 a5 33. Nd3 Ne4 34. Re1 Re7 35. Qa2 Qa6 36. Rd1 Nf6 37. Qb1 Re8 38. Qc2 Qc4 39. Nb3 b6 40. Nd4 Ne5 41. Nf4 g6 42. Re1 Qc8 43. a4 Neg4 44. Qd1 Re5 45. f3 Ne3 46. Qc1 Nc4 47. b3 Qe8 48. Rxe5 Nxe5 49. Qe3 Qb8 50. Nb5 h5 51. Qd4 Ned7 52. Nxd5 Nxd5 53. Qxd5 Qe8 54. Nd6 Qe1+ 55. Kh2 Ne5 56. Ne4 Nxf3+ 57. gxf3 Qe2+ 58. Kg1 Qxf3 59. Qd8+ Kg7 60. Qd4+ Kg8 61. b4 h4 62. gxh4 axb4 63. cxb4 Qg4+ 64. Kf1 Qh3+ 65. Ke2 f5 66. Qd8+ Kg7 67. Qe7+ Kh6 68. Qf8+ Kh5 69. Qh8+ Kg4 70. Nf2+ 1-0

[Event "Portuguese Chess-ch 2022"]
[Site "Leiria"]
[Date "2022.09.18"]
[Round "8.3"]
[White "Veiga, Jose Francisco R P N"]
[Black "Guilherme Santos, Jose"]
[Result "1/2-1/2"]
[ECO "B15"]
[WhiteElo "2389"]
[BlackElo "2384"]
[Annotator "ChessBase"]
[PlyCount "161"]
[EventDate "2022.09.11"]
[EventCountry "POR"]
[SourceTitle "playchess.com"]
[Source "ChessBase"]
[SourceQuality "1"]
[TimeControl "5400+30"]

1. e4 c6 2. Nc3 d5 3. d4 dxe4 4. Nxe4 Nf6 5. Nxf6+ exf6 6. Be3 Na6 7. a3 Nc7 8. c4 g6 9. g3 Bg7 10. Bg2 O-O 11. Ne2 Bg4 12. h3 Bxe2 13. Qxe2 Re8 14. Qd2 Ne6 15. O-O Ng5 16. f3 Qd6 17. Kh2 Qe6 18. Rfe1 Qxc4 19. Rac1 Qd5 20. Qf2 Qd6 21. Rcd1 Qd7 22. d5 cxd5 23. Qd2 Rad8 24. Bxa7 Rxe1 25. Qxe1 f5 26. Qd2 Ne6 27. Bb6 Rc8 28. Qxd5 Qxd5 29. Rxd5 Rc2 30. b4 f4 31. g4 Ra2 32. Rd3 Bf6 33. b5 Be7 34. Rd7 Bxa3 35. Rxb7 Rb2 36. Rb8+ Kg7 37. Ba5 Bb4 38. Bb6 Bd6 39. Rd8 Bc5 40. Ba5 Bb4 41. Bb6 Bc5 42. Bxc5 Nxc5 43. Rd4 Ne6 44. Rd5 Nc7 45. Rd4 g5 46. h4 h6 47. hxg5 hxg5 48. Kg1 Rxb5 49. Bf1 Rb1 50. Kf2 Rb2+ 51. Ke1 Ne6 52. Rd5 Kf8 53. Bd3 Ke7 54. Bf5 Nf8 55. Be4 Ne6 56. Bf5 Nd8 57. Bd3 f6 58. Bf5 Rb7 59. Rd2 Nf7 60. Rh2 Ra7 61. Rb2 Ne5 62. Be4 Ra4 63. Rb7+ Kd6 64. Rb6+ Kc5 65. Rxf6 Kd4 66. Rf5 Ra5 67. Kf2 Nxg4+ 68. fxg4 Ra2+ 69. Kf3 Ra3+ 70. Kg2 Kxe4 71. Rxg5 Ra2+ 72. Kh3 Ra3+ 73. Kh4 Ra8 74. Rf5 Rh8+ 75. Kg5 f3 76. Rf7 Ke3 77. Kg6 Rh4 78. Kg5 Rh3 79. Kg6 f2 80. Rxf2 Kxf2 81. g5 1/2-1/2

[Event "Portuguese Chess-ch 2022"]
[Site "Leiria"]
[Date "2022.09.18"]
[Round "8.4"]
[White "Sousa, Andre"]
[Black "Dias, Paulo"]
[Result "1-0"]
[ECO "C02"]
[WhiteElo "2449"]
[BlackElo "2341"]
[Annotator "ChessBase"]
[PlyCount "63"]
[EventDate "2022.09.11"]
[EventCountry "POR"]
[SourceTitle "playchess.com"]
[Source "ChessBase"]
[SourceQuality "1"]
[TimeControl "5400+30"]

1. e4 e6 2. d4 d5 3. e5 c5 4. c3 Nc6 5. Nf3 Qb6 6. Bd3 Bd7 7. O-O cxd4 8. Re1 Nge7 9. h4 Rc8 10. Nbd2 dxc3 11. bxc3 Na5 12. Rb1 Qc7 13. Bb2 h6 14. Rc1 Nec6 15. c4 Nb4 16. cxd5 Qxc1 17. Bxc1 Nxd3 18. Ne4 Nxe1 19. Qxe1 exd5 20. Nd6+ Bxd6 21. exd6+ Be6 22. Ne5 O-O 23. Bb2 b6 24. Ng6 fxg6 25. Qxe6+ Kh7 26. h5 gxh5 27. Qd7 Kg6 28. Qxg7+ Kf5 29. Qe5+ Kg6 30. Qe6+ Kh7 31. g4 hxg4 32. Qd7+ 1-0

[Event "Portuguese Chess-ch 2022"]
[Site "Leiria"]
[Date "2022.09.19"]
[Round "9.1"]
[White "Guilherme Santos, Jose"]
[Black "Sousa, Andre"]
[Result "1/2-1/2"]
[ECO "E11"]
[WhiteElo "2384"]
[BlackElo "2449"]
[Annotator "TA"]
[PlyCount "108"]
[EventDate "2022.09.11"]
[EventCountry "POR"]
[SourceTitle "playchess.com"]
[Source "ChessBase"]
[SourceQuality "1"]
[TimeControl "5400+30"]

1. d4 Nf6 2. c4 e6 3. Nf3 Bb4+ 4. Nbd2 O-O 5. a3 Be7 6. e4 d6 {[%emt 0:00:06][%cal Oe6e5] CPLX 2.0 13 (d7-d5) (=13). E11: Bogo-Indian.} 7. Qc2 {[%emt 0:00:27] CPLX 2.0 12 (Bf1-e2) (=6)} Nfd7 {[%emt 0:00:31] BESTDEEP} 8. Nb1 {[%emt 0:06:08] CPLX 2.0 13 (Nd2-b3) (=8)} e5 {[%emt 0:00:39] BESTDEEP} 9. Nc3 {[%emt 0:00:12] CPLX 2.1 0 (Bc1-e3) (=6)} exd4 {[%emt 0:04:22] BESTDEEP} 10. Nxd4 {[%emt 0:00:09] RECAPT} Nc6 {[%emt 0:00:13] CPLX 2.1} 11. Nxc6 {[%emt 0:00:06] CPLX 2.4 0 (Bc1-e3) (=4)} bxc6 {[%emt 0:00:05] RECAPT} 12. Be2 {[%emt 0:00:06] CPLX 2.0} Bf6 {[%emt 0:03:41] CPLX 2.0} 13. Be3 {[%emt 0:03:06] CPLX 2.1} Re8 {[%emt 0:03:59] CPLX 2.3 11 (c6-c5) (=3)} 14. Rd1 {[%emt 0:01:39] [#] CPLX 2.3} Qe7 $146 {[%emt 0:04:54] CPLX 2.3} ({Predecessor:} 14... Ne5 15. O-O Ng4 16. Bxg4 Bxg4 17. f3 Be6 18. b3 Qb8 19. Ne2 c5 20. Nf4 Bg5 {1-0 (56) Petrosyan,M (2628)-Stupak,K (2515) Chess.com INT 2020}) 15. O-O {[%emt 0:03:03] CPLX 2.3} Ne5 {[%emt 0:05:11] RELBLUND 52 (a7-a5) (=8)} (15... a5 $11) 16. Rfe1 {[%emt 0:12:17] CPLX 2.4 52 (f2-f4) (=7)} (16. f4 $14) 16... Be6 $11 {[%emt 0:11:19] CPLX 2.4} 17. b3 {[%emt 0:01:42] CPLX 2.5 6 (Nc3-a4) (=7)} a5 {[%emt 0:04:23] BESTDEEP} 18. f4 {[%emt 0:06:50] CPLX 2.5 0 (Be3-c1) (=6)} Ng4 {[%emt 0:01:49] EASY} 19. Bc1 {[%emt 0:00:24][%mdl 8192] [#] RELBLUND 400 (Be2xg4) (=35)} (19. Bxg4 $11 Bxg4 20. Rd3) 19... d5 $2 {[%emt 0:04:51] MISSDEEPWIN-Bf6-d4 400 (Bf6-d4) (=34)} (19... Bd4+ $1 $19 20. Rxd4 Qh4) 20. Na4 $2 {[%emt 0:07:14][%mdl 8192] [#] MISSDEEP-Be2xg4 400 (Be2xg4) (=59)} (20. cxd5 Qc5+) (20. Bxg4 $17 Bxg4 21. Rd2) 20... dxe4 $2 {[%emt 0:13:42] MISSDEEPWIN-Bf6-d4 400 (Bf6-d4) (=58)} (20... Bd4+ $1 $19 21. Kh1 Nf2+ 22. Kg1 Nxd1+ 23. Kf1 Nf2 24. exd5 cxd5) 21. Qxe4 {[%emt 0:01:56] RECAPT} Nh6 {[%emt 0:04:23][%cal Bg4h6,Bh6f5,Bf5h4][%mdl 32] Prevents f5. BESTDEEP} 22. Bf3 {[%emt 0:08:22] CPLX 2.9 23 (h2-h3) (=53)} Nf5 {[%emt 0:07:31] CPLX 2.9} 23. g4 {[%emt 0:14:53] CPLX 2.8} (23. Qxc6 Bd4+ 24. Kh1 Qh4 $17) 23... Nh4 {[%emt 0:04:16][%cal Oe6g4] EASY} 24. Be2 {[%emt 0:01:00] BESTDEEP} (24. Qxc6 Nxf3+ 25. Qxf3 Bxg4 $1 26. Qxa8 Rxa8 $17) 24... g6 {[%emt 0:04:35][%cal Oh7h5] Against f5. CPLX 3.2 21 (c6-c5) (=47)} 25. Qxc6 {[%emt 0:01:27] RELBLUND 130 (Qe4-e3) (=52)} (25. Qe3 $11) 25... Rad8 $17 {[%emt 0:04:24] CPLX 3.0=>BLUNDERREACT} 26. Qc5 {[%emt 0:02:27] [#] CPLX 3.1 89 (Qc6-e4) (=54)} (26. Qe4 $17 {might work better.}) 26... Rd6 $1 $19 {[%emt 0:03:25] DEEPSTRONG=>BLUNDERREACT} 27. Qf2 {[%emt 0:04:07] CPLX 3.1 4 (Qc5-e3) (=51)} (27. Qxa5 $2 {[#]} Bf5 $1 28. Nc3 Bxc3 29. Qxc3 Rxd1 30. Bxd1 Qxe1+ $19) 27... Bc8 {[%emt 0:05:06] CPLX 2.9 81 (Be6-d7) (=44)} 28. Rxd6 {[%emt 0:06:34] EASY} Qxd6 {[%emt 0:00:33] RECAPT} 29. Rd1 {[%emt 0:00:49] Inhibits Bd4. EASY} Qe6 {[%emt 0:04:22][%mdl 1024] Black has strong compensation. CPLX 3.1 30 (Qd6-c6) (=42)} 30. Rd2 {[%emt 0:01:33] CPLX 2.6 0 (g4-g5) (=45)} Qe4 {[%emt 0:01:01] CPLX 2.6 1 (Qe6-c6) (=40)} 31. Nc5 {[%emt 0:00:49] EASY} Qb1 {[%emt 0:00:21] CPLX 4.0} 32. Rd1 {[%emt 0:00:23] CPLX 4.0} Qc2 {[%emt 0:00:56] CPLX 3.2 0 (h7-h5) (=37)} 33. Be3 {[%emt 0:01:26] CPLX 3.3} Rxe3 {[%emt 0:02:51] RELBLUND 91 (Bf6-e7) (=39)} 34. Qxe3 $11 {[%emt 0:00:05] RECAPT} Bxg4 {[%emt 0:00:02] A strong pair of Bishops. EASY} 35. Nd7 {[%emt 0:00:41] CPLX 4.2 16 (Nc5-e4) (=38)} Bxd7 {[%emt 0:02:49] BESTDEEP} 36. Rxd7 {[%emt 0:00:06] Qe8+ would kill now. RECAPT} Kg7 $40 {[%emt 0:00:18][%mdl 128] White needs to defend precisely. BESTDEEP} 37. Qe8 {[%emt 0:01:53] CPLX 4.0 0 (Rd7-d1) (=36)} (37. Rxc7 Nf5 38. Qd3 (38. Qe8 Bd4+ 39. Kh1 Qb1+ 40. Kg2 Nh4+ 41. Kh3 Qxb3+) 38... Qc1+ 39. Bd1 Bd4+ 40. Kh1 Qxf4 $17) 37... Qc1+ {[%emt 0:00:03] CPLX 5.9} 38. Bd1 {[%emt 0:00:06] EASY} Kh6 $1 {[%emt 0:00:44] DEEPSTRONG} (38... Bd4+ $2 39. Rxd4 Nf3+ 40. Kf2 Nxd4 41. Qe5+ Kg8 42. Qxd4 $18) 39. Qf8+ {[%emt 0:00:44] CPLX 4.0 51 (Qe8-e2) (=35)} ({Of course not} 39. Qxf7 Qe3+ 40. Kf1 Qxf4+ 41. Ke2 Qxh2+ 42. Kd3 Qg3+ 43. Kd2 Qc3+ 44. Ke2 Qb2+ 45. Kd3 Nf5 46. Qxh7+ Kg5 $17) 39... Bg7 {[%emt 0:00:04] LEGAL} 40. Qe7 {[%emt 0:00:00] MISSDEEP-Qf8-c5 68 (Qf8-c5) (=36)} (40. Qc5 $1 $11 Nf5 41. Qf2 (41. Qxa5 $2 Qe3+ 42. Kf1 Bc3 $19)) 40... Qxf4 $15 {[%emt 0:00:00] EASY} 41. Qe1 {[%emt 0:00:00] DEEPSTRONG} ({But not} 41. Qxf7 $2 Bd4+ 42. Rxd4 Qxd4+ 43. Qf2 Qxd1+ $19) 41... Bd4+ {[%emt 0:00:00] EASY} 42. Kh1 {[%emt 0:00:00][%cal Od7f7] CPLX 4.6} c5 {[%emt 0:00:00] ...f6 is the strong threat. CPLX 4.4 11 (Kh6-g7) (=30)} 43. Re7 {[%emt 0:00:00] CPLX 4.6 11 (Rd7xf7) (=34)} Qg5 {[%emt 0:00:00][%csl Gh4][%cal Rg5g2] CPLX 4.4} 44. Re2 {[%emt 0:00:00] Inhibits Qg2+. EASY} f5 {[%emt 0:00:00] CPLX 3.8 70 (Kh6-g7) (=30)} ({Better is} 44... Kg7 $15) 45. Qg3 $11 {[%emt 0:00:00] CPLX 4.0} Qf6 {[%emt 0:00:00] BESTDEEP} 46. Qf4+ {[%emt 0:00:00] CPLX 4.2 0 (Qg3-c7) (=31)} g5 $1 {[%emt 0:00:00] CPLX 4.1} 47. Qc7 {[%emt 0:00:00] Strongly threatening Qd7. EASY} Ng6 {[%emt 0:00:00] CPLX 4.0} 48. Bc2 {[%emt 0:00:00] Hoping for Qc8. CPLX 3.8 36 (Qc7-c8) (=30)} f4 {[%emt 0:00:00] CPLX 3.8 36 (g5-g4) (=28)} (48... g4 $5 ) 49. Qd7 {[%emt 0:00:00] Threatens to win with Re6. CPLX 4.2 0 (Qc7-c8) (=30). The position is equal.} Be3 $1 {[%emt 0:01:16] DEEPSTRONG} 50. Bb1 {[%emt 0:00:00] MISS-Re2-e1 0 (Re2-e1) (=29)} Qa1 {[%emt 0:03:06] BESTDEEP} 51. Qh3+ {[%emt 0:00:00] CPLX 5.6 0 (Re2-e1) (=29)} Kg7 {[%emt 0:00:04] EASY} 52. Qd7+ {[%emt 0:00:00] CPLX 5.8 0 (Re2-e1) (=28)} Kh6 {[%emt 0:00:46] EASY} 53. Qh3+ {[%emt 0:00:00] CPLX 5.6 0 (Re2-e1) (=27)} Kg7 {[%emt 0:01:15] EASY} 54. Qd7+ {[%emt 0:00:00] CPLX 5.8 0 (Re2-e1) (=27)} Kh6 {[%emt 0:00:48] White happily takes the draw.  Weighted Error Value: White=0.31/Black=0.40} 1/2-1/2

[Event "Portuguese Chess-ch 2022"]
[Site "Leiria"]
[Date "2022.09.19"]
[Round "9.2"]
[White "Rego, Pedro Filipe"]
[Black "Veiga, Jose Francisco R P N"]
[Result "1/2-1/2"]
[ECO "C45"]
[WhiteElo "2273"]
[BlackElo "2389"]
[Annotator "TA"]
[PlyCount "118"]
[EventDate "2022.09.11"]
[EventCountry "POR"]
[SourceTitle "playchess.com"]
[Source "ChessBase"]
[SourceQuality "1"]
[TimeControl "5400+30"]

1. e4 e5 2. Nf3 Nc6 3. d4 exd4 4. Nxd4 Bc5 5. Nb3 Bb6 6. Nc3 Nf6 7. Bg5 {[%emt 0:01:32] CPLX 2.3} O-O $1 {[%emt 0:00:45][%mdl 4] is now more promising than 7...h6. C45: Scotch Game.} 8. Qe2 {[%emt 0:00:37] BESTDEEP} h6 {[%emt 0:01:04] CPLX 2.5 8 (Nc6-d4) (=4)} 9. Bh4 {[%emt 0:00:43] BESTDEEP} a5 {[%emt 0:01:13] BESTDEEP} 10. a4 $1 {[%emt 0:00:17] DEEPSTRONG} Nd4 {[%emt 0:00:56] BESTDEEP} 11. Qd3 {[%emt 0:00:36] BESTDEEP} Nxb3 {[%emt 0:00:04] CPLX 2.8} 12. cxb3 {[%emt 0:00:05] RECAPT} c6 {[%emt 0:00:15] BESTDEEP} 13. O-O-O {[%emt 0:00:41] BESTDEEP} d5 {[%emt 0:00:17] CPLX 2.5} 14. Qc2 Qd6 {[%emt 0:07:42] CPLX 2.8 0 (d5-d4) (=1)} 15. Kb1 {[%emt 0:00:22] BESTDEEP} d4 {[%emt 0:05:49] CPLX 2.8} 16. Bc4 {[%emt 0:02:01] CPLX 2.9 20 (f2-f3) (=2)} Qe7 {[%emt 0:04:46] [#] CPLX 3.2 48 (Qd6-f4) (=6)} (16... Qf4 $142 17. Bg3 Qg5) 17. Bxf6 $146 {[%emt 0:24:05] CPLX 3.3 44 (f2-f4) (=6)} (17. f4 {is more complex.} dxc3 18. e5 Qc5 19. Bxf6 Qf2 20. Be7) ({Predecessor:} 17. Rhe1 g5 18. e5 Nh5 19. Qg6+ Ng7 20. Qxh6 Bf5+ 21. Ka2 Bd8 22. Ne4 Qxe5 23. Nxg5 {1-0 (35) Dukic,Z (2226)-Barron,M (2108) Kingston 2022}) 17... Qxf6 {[%emt 0:00:16] RECAPT} 18. Na2 {[%emt 0:05:21][%cal Bc3a2,Ba2c1,Bc1d3][%mdl 32] CPLX 2.8 20 (Nc3-e2) (=7)} Re8 {[%emt 0:02:32][%cal Oe8e4] aiming for ...Rxe4! BESTDEEP} 19. Rhe1 {[%emt 0:02:37] BESTDEEP} Bg4 {[%emt 0:12:07] CPLX 2.6 18 (Bc8-d7) (=6)} 20. f3 {[%emt 0:00:16] EASY} Bh5 {[%emt 0:00:03] CPLX 3.0 19 (Bg4-e6) (=7)} 21. Nc1 {[%emt 0:00:10][%cal Oe4e5] CPLX 2.7} Bg6 {[%emt 0:01:05] CPLX 2.7 36 (Bb6-c7) (=9)} 22. Nd3 {[%emt 0:00:25] CPLX 2.7} Bc7 {[%emt 0:01:42] CPLX 2.8 17 (Kg8-h8) (=9)} 23. Qf2 {[%emt 0:00:50] BESTDEEP} Rad8 {[%emt 0:01:36] CPLX 2.9 0 (Bg6-h7) (=9)} ({Weaker is} 23... Bxh2 24. g3 $16) 24. g3 {[%emt 0:06:10] CPLX 2.9} Re7 {[%emt 0:06:21] CPLX 2.8 42 (Kg8-h8) (=10)} 25. Ka2 {[%emt 0:02:50] CPLX 2.8} Kh8 {[%emt 0:01:41] CPLX 2.8 5 (h6-h5) (=10)} 26. Rc1 {[%emt 0:02:35] CPLX 2.6 48 (g3-g4) (=7)} (26. g4 $14 {was preferrable.}) 26... Rde8 {[%emt 0:02:00] CPLX 2.6 16 (Bg6-h7) (=10)} 27. Re2 {[%emt 0:02:07] BESTDEEP} Bd6 {[%emt 0:01:44] CPLX 2.6 28 (b7-b6) (=11)} 28. Rd2 {[%emt 0:01:59] CPLX 2.7 34 (h2-h4) (=8)} Rd7 {[%emt 0:03:21] CPLX 2.7 16 (Bg6-h7) (=12)} 29. Rcd1 {[%emt 0:03:20] CPLX 2.7 29 (h2-h4) (=8)} Bh5 {[%emt 0:03:15] RELBLUND 60 (Bd6-c7) (=14)} (29... Bc7 $11) 30. Rf1 {[%emt 0:02:02] CPLX 2.9 8 (g3-g4) (=8)} (30. g4 $5 Bg6 31. h4 $11) 30... Kh7 $2 {[%emt 0:00:40] RELBLUND 159 (Bh5-g6) (=20)} (30... Bg6 $14) 31. Rdd1 {[%emt 0:05:01] CPLX 2.8 125 (g3-g4) (=13)} (31. g4 $18) 31... Bg6 {[%emt 0:00:58] CPLX 2.8 25 (Kh7-h8) (=20)} 32. Rfe1 {[%emt 0:00:36] CPLX 2.7 67 (h2-h4) (=15)} ({White should play} 32. h4 $16) 32... Rde7 {[%emt 0:01:13] CPLX 2.7 82 (Qf6-e7) (=22)} (32... Qe7 $14) 33. Rf1 {[%emt 0:01:22] CPLX 2.7 126 (g3-g4) (=19)} ({White should try} 33. g4 $16) 33... Bb8 {[%emt 0:00:35] [#] RELBLUND 85 (Re7-d7) (=25)} (33... Rd7 $1 $11) 34. Qd2 {[%emt 0:01:14] RELBLUND 60 (h2-h4) (=21)} (34. h4 $1 $16) 34... Kh8 {[%emt 0:00:37] CPLX 2.6 4 (Kh7-g8) (=24)} 35. Nf4 {[%emt 0:01:36] BESTDEEP} Bh7 $1 {[%emt 0:01:42] DEEPSTRONG} 36. Nd3 {[%emt 0:03:10] MISS-Qd2xd4 26 (Qd2xd4) (=20)} ({Don't play} 36. Qxa5 b5 37. Bd3 (37. axb5 $2 Ra7 $19) 37... bxa4 38. bxa4 Ra7 $17) 36... Bc7 {[%emt 0:02:02] CPLX 2.6 0 (b7-b6) (=22)} 37. Nc5 {[%emt 0:00:47] CPLX 2.6 11 (Qd2-f2) (=20)} b6 {[%emt 0:02:26] CPLX 2.8 4 (Re8-b8) (=22)} 38. Nd3 {[%emt 0:03:00] CPLX 2.9 25 (Nc5-a6) (=20)} Qg5 {[%emt 0:00:49] CPLX 2.6 32 (Qf6-d6) (=22)} 39. Nf4 {[%emt 0:02:17] CPLX 2.8 21 (b3-b4) (=20)} Be5 {[%emt 0:02:10] CPLX 2.8 11 (Re8-d8) (=22)} 40. Nd3 {[%emt 0:00:00] [#] f4 is the strong threat. BESTDEEP} Qxd2 {[%emt 0:00:00] CPLX 2.9} 41. Rxd2 {[%emt 0:00:00] RECAPT} Bc7 {[%emt 0:00:00] CPLX 2.3 28 (Be5-d6) (=21)} 42. Nf4 {[%emt 0:00:00] CPLX 2.2 35 (b3-b4) (=19)} Rd8 {[%emt 0:00:00] CPLX 2.4} 43. Rfd1 {[%emt 0:00:00] CPLX 2.4} Red7 {[%emt 0:00:00] CPLX 2.5 0 (Bc7xf4) (=20)} 44. b4 {[%emt 0:00:00] CPLX 2.4 40 (Nf4-e2) (=19)} axb4 {[%emt 0:00:00] CPLX 2.6} 45. Kb3 {[%emt 0:00:00] CPLX 2.5} Bxf4 {[%emt 0:00:00] CPLX 2.9 39 (c6-c5) (=20)} 46. gxf4 {[%emt 0:00:00] RECAPT} c5 {[%emt 0:00:00] EASY} 47. f5 {[%emt 0:00:00] Against Bg6. CPLX 2.7} Ra7 {[%emt 0:00:00] CPLX 2.8} 48. Ra1 {[%emt 0:00:00] BESTDEEP} f6 {[%emt 0:00:00] CPLX 2.8 18 (h6-h5) (=19)} 49. Be6 {[%emt 0:00:00] CPLX 2.9} Ra5 {[%emt 0:12:22] CPLX 2.9 34 (Bh7-g8) (=19)} 50. Kc4 $1 {[%emt 0:02:52] DEEPSTRONG. The position is equal.} Rb8 {[%emt 0:00:42] CPLX 3.0 0 (Bh7-g8) (=19)} 51. b3 {[%emt 0:06:20] CPLX 2.9} b5+ {[%emt 0:06:26] BESTDEEP} 52. Kxc5 {[%emt 0:00:34] EASY} bxa4+ {[%emt 0:00:11] EASY} 53. Kxd4 {[%emt 0:00:04] CPLX 2.5} a3 {[%emt 0:00:41] EASY} 54. Kc4 {[%emt 0:00:21] CPLX 2.8} Ra7 {[%emt 0:05:11] BESTDEEP} 55. Rd5 {[%emt 0:03:32] BESTDEEP} Rc7+ {[%emt 0:02:04] CPLX 2.5 0 (Ra7-b7) (=17)} 56. Rc5 {[%emt 0:00:42] EASY} Rcb7 {[%emt 0:00:04] BESTDEEP} 57. h4 {[%emt 0:01:50] CPLX 2.5 0 (Ra1-a2) (=14)} Bg8 {[%emt 0:01:37] CPLX 2.5} 58. Bd5 {[%emt 0:02:09] CPLX 2.9} Bxd5+ {[%emt 0:02:40] CPLX 3.2 4 (Kh8-h7) (=16)} 59. exd5 {[%emt 0:00:38] RECAPT} Kg8 {[%emt 0:02:35] Weighted Error Value: White=0.15 (very precise) /Black=0.19 (very precise)} 1/2-1/2